 Dungeon Crawl Stone Soup version 0.17-a0-1447-g3d113ad (webtiles) character file.

189912 Chiseanne the Peltast (level 17, -2/137 HPs)
             Began as a Demonspawn Wanderer on June 17, 2015.
             Was an Initiate of Gozag.
             Slain by an enormous slime creature (18 damage)
             ... on level 2 of the Swamp on June 29, 2015.
             The game lasted 03:30:36 (43426 turns).

Chiseanne the Peltast (Demonspawn Wanderer)        Turns: 43426, Time: 03:30:36

Health: -2/137     AC: 18    Str: 17    XL:     17   Next: 96%
Magic:  0/17       EV: 19    Int: 14    God:    Gozag
Gold:   5473       SH: 25    Dex: 17    Spells: 1 memorised, 15 levels left

rFire  + + +     SeeInvis +     s - +3 hand axe (venom)
rCold  + . .     Clarity  .     p - +0 ring mail of Summer {-Cast rF+ rC+ Regen+}
rNeg   . . .     SustAt   .     M - +3 large shield {AC+3}
rPois  .         Gourm    .     (helmet unavailable)
rElec  .         Spirit   +     Q - +2 cloak
rCorr  .         Warding  .     (gloves unavailable)
rMut   .         Stasis   .     (no boots)
MR     ++...     NoCast   +     n - amulet of the Exiled Tales {Spirit rF++ MR+ Int+2}
Stlth  +++.......               W - +6 ring of protection
                                R - +3 ring of slaying

@: lethally poisoned (-2 -> -3), slowed, very slow, very resistant to hostile
enchantments, fairly stealthy
A: antennae 3, claws 3, talons 2, nightstalker 1, spiny 2
a: Potion Petition, Call Merchant, Bribe Branch, Renounce Religion


You were on level 2 of the Swamp.
You worshipped Gozag.
Gozag was noncommittal.
You were not hungry.

You visited 6 branches of the dungeon, and saw 33 of its levels.
You visited 1 bazaar.
You also visited: Sewer, Ossuary and Ice Cave.

You collected 14666 gold pieces.
You spent 3444 gold pieces at shops.
You paid 5749 gold pieces to Gozag.

Inventory:

Hand weapons
 a - a +0 flail of protection
 d - the +1 mace "Opog" {flame, rF+ rC+ Int-4}
   (You found it on level 12 of the Dungeon)

   It has been specially enchanted to burn those struck by it, causing extra
   injury to most foes and up to half again as much damage against particularly
   susceptible opponents.
   It affects your intelligence (-4).
   It protects you from fire.
   It protects you from cold.
 e - a +0 hand crossbow
 f - a +1 scimitar of flaming
 g - a +3 whip of electrocution
 s - a +3 hand axe of venom (weapon)
 w - a +0 blowgun
Missiles
 u - 23 steel bolts
 E - 77 poisoned needles
 T - 8 bolts of penetration
 V - 177 bolts
Armour
 p - the +0 ring mail of Summer (worn) {-Cast rF+ rC+ Regen+}
   (You found it on level 8 of the Dungeon)

   It protects you from fire.
   It protects you from cold.
   It prevents spellcasting.
   It increases your rate of regeneration.
 M - a +3 large shield of protection (worn)
 Q - a +2 cloak (worn)
Rods
 k - a +0 rod of the swarm (10/10)
   (You found it on level 1 of the Lair of Beasts)
Jewellery
 n - the amulet of the Exiled Tales (around neck) {Spirit rF++ MR+ Int+2}
   (You bought it in a shop on level 4 of the Orcish Mines)

   [amulet of guardian spirit]

   It causes incoming damage to be split between your health and magic.
   It affects your intelligence (+2).
   It greatly protects you from fire.
   It affects your resistance to hostile enchantments.
 R - a +3 ring of slaying (left claw)
 W - a +6 ring of protection (right claw)
 Y - the ring "Zuhuhoeg" {rN++ AC+4}
   (You took it off an ogre mage on level 14 of the Dungeon)

   [ring of protection]

   It affects your AC (+4).
   It greatly protects you from negative energy.
Magical devices
 O - a wand of digging (10)
Scrolls
 h - 14 scrolls of remove curse
 l - a scroll of summoning
 r - 2 scrolls of fear
 D - 3 scrolls of teleportation
 I - a scroll of identify
 N - a scroll of recharging
 S - 3 scrolls of magic mapping
 X - a scroll of blinking
Potions
 i - 2 potions of cancellation
 o - 9 potions of curing
 q - 2 potions of agility
 t - 2 potions of resistance
 z - a potion of berserk rage
 C - 3 potions of flight
 J - 3 potions of heal wounds
 Z - 5 potions of ambrosia
Miscellaneous
 P - a lamp of fire (inert)
Comestibles
 A - 7 bread rations
 B - 11 meat rations
 G - 12 fruits


   Skills:
 - Level 13.4 Fighting
 - Level 1.7 Long Blades
 - Level 5.1(5.4) Axes
 - Level 1.1(3.4) Maces & Flails
   Level 2.3(4.0) Polearms
 - Level 6.0 Armour
 - Level 13.2 Dodging
 - Level 2.7 Stealth
 * Level 19.2 Shields
 + Level 5.3 Unarmed Combat
 - Level 1.0 Evocations


You had 15 spell levels left.
You knew the following spells:

 Your Spells              Type           Power        Failure   Level  Hunger
a - Apportation           Tloc           #.........   90%         1    ##.....


Dungeon Overview and Level Annotations

Branches:
Dungeon (15/15)            Temple (1/1) D:7            Lair (8/8) D:10
  Swamp (2/4) Lair:4       Spider (0/4) Lair:5        Slime (0/6) Lair:7
    Orc (4/4) D:10            Elf (3/3) Orc:3        Vaults (0/5) D:14
 Depths (0/5) D:15

Altars:
Ashenzari
Cheibriados
Dithmenos
Elyvilon
Fedhas
Gozag
Kikubaaqudgha
Makhleb
Nemelex Xobeh
Okawaru
Qazlal
Ru
Sif Muna
Trog
Vehumet
Xom
Yredelemnul
Zin
The Shining One

Shops:
D:7 =   D:9 %   D:15 [   Orc:3 ?   Orc:4 ==}%   Elf:3 !   Vaults:1 (
Vaults:2 (

Annotations:
D:5 Dowan
D:6 exclusion: 2 doors
D:7 UristPineapples's ghost, experienced TrMo
D:8 exclusion: orange crystal statue
Elf:2 3 runed doors, exclusion: door
Elf:3 Nikola


Innate Abilities, Weirdness & Mutations

You have a pair of large antennae on your head (SInv).
You have claws for hands.
You have razor-sharp toenails.
You are slightly more attuned to the shadows.
You are mostly covered in sharp spines.


Message History

Two slime creatures merge to form a very large slime creature.
The slime creature hits you but does no damage.
You block the hornet's attack.
The spriggan rider hits you from afar with a spear!!
* * * LOW HITPOINT WARNING * * *
You block the slime creature's attack.
The slime creature hits you but does no damage.
You feel sick.
You kill the hornet!
The slime creature jiggles.
You block the slime creature's attack.
The slime creature is distracted by the nearby gold.
You block the spriggan rider's attack.
You feel sick.
The slime creature is no longer distracted by gold.
The very large slime creature looks more healthy.
Two slime creatures merge to form an enormous slime creature.
You block the slime creature's attack. The enormous slime creature hits you!!
You die...
Your body crumbles into a pile of gold.

$ $ ♣.≈≈≈≈ ..≈≈.. $ ?.≈≈.≈
♣♣♣♣ .≈≈§.≈ ♣♣..♣♣ .≈≈≈i$
♣.@Ji♣♣.≈≈≈≈≈ ♣♣♣♣
♣.≈Jt$.≈≈≈≈≈≈
♣..♣♣♣♣♣♣♣♣≈≈≈≈.≈≈≈....
♣♣.......≈.≈.≈.≈≈≈≈..≈.
♣♣♣..≈≈≈≈≈≈....♣♣≈≈≈..§.
♣≈.≈≈≈≈≈≈≈≈≈..≈≈.....♣≈.
♣♣♣..≈≈≈≈≈≈≈≈..≈♣..♣♣..≈≈≈
♣♣.≈≈≈≈≈≈≈≈.....♣♣♣♣♣ ♣.≈J
♣.≈≈≈≈≈≈≈≈≈≈..♣♣♣ ♣≈≈


You could see an alligator, an enormous slime creature, a slime creature and a
spriggan rider.

Vanquished Creatures
  Gastronok (Lair:2)
  A deep elf sorcerer (Elf:1)
  A frost giant (IceCv)
  Maud (Lair:5)
  Louise (D:14)
  An orc warlord (Orc:4)
  Snorg (D:11)
  A fire dragon (D:15)
  The ghost of afx the Severer, a powerful FoFi of Okawaru (D:14)
  3 ogre magi
  Fannar (Lair:2)
  8 hydras
  An ice dragon (D:15)
  6 catoblepae
  An alligator (Swamp:2)
  19 death yaks
  A tengu warrior (D:15)
  A dancing weapon (Elf:2)
  3 centaur warriors
  Urug (Lair:1)
  11 deep elf knights
  8 hill giants
  A shambling mangrove (Swamp:2)
  3 unseen horrors
  2 deep trolls (Orc:3)
  11 deep elf summoners
  An ice statue (D:13)
  16 deep elf conjurers
  An oklob plant (Lair:6)
  7 orc knights
  A griffon (Lair:8)
  5 orc sorcerers
  10 ugly things
  A hornet (Swamp:2)
  4 cyclopes
  7 elephants
  A centaur zombie (D:15)
  A gargoyle (D:12)
  6 black mambas
  9 torpor snails
  5 centaur skeletons
  A kobold demonologist (D:11)
  9 spiny frogs
  8 komodo dragons
  5 fire drakes
  5 yaktaurs
  10 deep elf priests
  17 trolls
  2 tengu conjurers (D:14)
  15 polar bears
  6 two-headed ogres (Orc:4)
  A giant leech (Swamp:2)
  2 bog bodies (Swamp:2)
  20 blink frogs
  5 slime creatures
  19 deep elf magi
  A trapdoor spider (D:10)
  A shadow (D:15)
  56 yaks
  3 spriggans
  4 wyverns
  A wraith (D:8)
  5 hungry ghosts
  15 vampire mosquitoes
  19 deep elf fighters
  7 basilisks
  13 hippogriffs
  12 wargs
  2 swamp worms (Swamp:2)
  14 wolves
  8 water moccasins
  9 porcupines
  2 soldier ants (D:15)
  Duvessa (D:5)
  8 spiders (Lair:5)
  27 orc warriors
  2 ice beasts (D:9)
  A swamp drake (Swamp:1)
  4 sky beasts
  33 ogres
  2 phantoms
  A wasp (Lair:8)
  9 centaurs
  A boggart (D:14)
  13 crocodiles
  2 necrophages
  7 big kobolds
  A wyvern zombie (D:6)
  A wyvern skeleton (D:9)
  A gnoll sergeant (D:6)
  27 giant frogs
  3 water moccasin zombies
  A water moccasin skeleton (D:8)
  5 killer bees
  2 scorpions
  6 crimson imps
  5 hounds
  9 wights
  A lava snake (D:7)
  3 jellies
  2 giant frog skeletons
  11 iguanas
  37 orc priests
  A quasit (D:15)
  3 hell rats (Lair:4)
  34 orc wizards
  2 killer bee zombies
  15 sheep
  9 worker ants
  2 hound skeletons
  2 mummies (Ossuary)
  2 worker ant zombies
  9 gnolls
  21 adders
  64 river rats
  A white imp (D:6)
  5 shadow imps
  11 oozes
  An adder skeleton (D:9)
  2 adder zombies (Ossuary)
  3 worms
  23 giant geckos
  255 orcs
  A bat skeleton (D:4)
  A bat zombie (D:5)
  25 goblins
  21 hobgoblins
  13 jackals
  22 kobolds
  8 quokkas
  12 ball pythons
  9 bats
  18 giant cockroaches
  A giant gecko skeleton (D:7)
  A giant gecko zombie (D:7)
  14 giant newts
  4 gnoll zombies
  A goblin skeleton (D:6)
  A goblin zombie (D:6)
  8 hobgoblin zombies
  A kobold skeleton (D:6)
  6 kobold zombies
  4 orc zombies (Ossuary)
  A quokka skeleton (D:7)
  21 rats
  8 fungi
  2 plants
1356 creatures vanquished.

Vanquished Creatures (collateral kills)
  A hydra (Lair:3)
  An ugly thing (Swamp:2)
  A wraith (D:15)
  A tarantella (shapeshifter) (D:15)
  A wasp (Swamp:2)
  A sky beast (D:15)
  A wyvern zombie (D:13)
7 creatures vanquished.

Vanquished Creatures (others)
  3 polar bears (IceCv)
  2 yaks (IceCv)
  7 wolves (IceCv)
  A wasp (Swamp:2)
  An orc wizard (Orc:4)
  A kobold (D:14)
  2 fungi
  3 plants
20 creatures vanquished.

Grand Total: 1383 creatures vanquished

Notes
Turn   | Place    | Note
--------------------------------------------------------------
     0 | D:1      | Chiseanne the Demonspawn Wanderer began the quest for the Orb.
     0 | D:1      | Chiseanne set off with: a +2 leather armour, a +0 short sword, a scroll of teleportation, a bread ration
     0 | D:1      | Reached XP level 1. HP: 18/18 MP: 1/1
   264 | D:1      | You fall through a shaft!
   378 | D:2      | Gained mutation: You have sharp toenails. [demonic ancestry]
   378 | D:2      | Reached XP level 2. HP: 21/24 MP: 2/2
   817 | D:2      | Reached XP level 3. HP: 25/29 MP: 3/3
  2004 | D:3      | Found an opulent altar of Gozag.
  2038 | D:3      | Became a worshipper of Gozag Ym Sagoz the Greedy
  2218 | D:3      | Gained mutation: You have sharp fingernails. [demonic ancestry]
  2218 | D:3      | Reached XP level 4. HP: 37/37 MP: 4/4
  2369 | D:3      | Reached skill level 4 in Fighting
  2376 | D:3      | Found a stormy altar of Qazlal.
  2513 | D:4      | Noticed an ogre
  2528 | D:4      | Killed an ogre
  2528 | D:4      | Gained mutation: You have razor-sharp toenails. [demonic ancestry]
  2528 | D:4      | Reached XP level 5. HP: 5/43 MP: 5/5
  2720 | D:4      | Found a sand-covered staircase.
  2732 | D:4      | Reached skill level 1 in Unarmed Combat
  2779 | Ossuary  | Entered an ossuary
  3408 | Ossuary  | Reached XP level 6. HP: 49/49 MP: 6/6
  3421 | Ossuary  | Reached skill level 5 in Dodging
  3654 | D:4      | Found a snail-covered altar of Cheibriados.
  3667 | D:4      | Reached skill level 5 in Fighting
  3926 | D:4      | Got a polished buckler
  3932 | D:4      | Identified the +0 buckler "Taduoz" {rF+} (You found it on level 4 of the Dungeon)
  4506 | D:5      | Entered Level 5 of the Dungeon
  4624 | D:5      | Reached XP level 7. HP: 56/56 MP: 7/7
  5092 | D:5      | Reached skill level 6 in Dodging
  5605 | D:5      | Noticed Duvessa
  5607 | D:5      | Noticed Dowan
  6328 | D:5      | Got a jewelled leather armour
  6346 | D:5      | Identified the +1 leather armour of the Mackerel {rPois Str+4 SInv} (You found it on level 5 of the Dungeon)
  6821 | D:5      | Killed Duvessa
  6905 | D:6      | Gained mutation: You have very sharp fingernails. [demonic ancestry]
  6905 | D:6      | Reached XP level 8. HP: 56/64 MP: 8/8
  6985 | D:6      | Found a glowing golden altar of the Shining One.
  7184 | D:6      | Found a glowing drain.
  7188 | Sewer    | Entered a sewer
  8330 | D:6      | Reached skill level 7 in Dodging
  8341 | D:6      | Found an ancient bone altar of Kikubaaqudgha.
  8358 | D:7      | Found Emaotiuh's Food Shoppe.
  8358 | D:7      | Found a sparkling altar of Nemelex Xobeh.
  8398 | D:7      | Bought a bread ration for 70 gold pieces
  8398 | D:7      | Bought a meat ration for 70 gold pieces
  8398 | D:7      | Bought a meat ration for 70 gold pieces
  8398 | D:7      | Bought a slice of pizza for 21 gold pieces
  8398 | D:7      | Bought a bread ration for 70 gold pieces
  8398 | D:7      | Bought a bread ration for 70 gold pieces
  8398 | D:7      | Bought a royal jelly for 28 gold pieces
  8478 | D:7      | Found Emod's Jewellery Shoppe.
  8723 | D:6      | Reached skill level 5 in Shields
  9791 | D:6      | Gained mutation: You have a pair of small antennae on your head. [demonic ancestry]
  9791 | D:6      | Reached XP level 9. HP: 57/71 MP: 6/9
 10152 | D:7      | Found a blossoming altar of Fedhas.
 10650 | D:7      | Noticed UristPineapples's ghost (experienced TrMo)
 10993 | D:7      | Bought a +1 ring of slaying for 72 gold pieces
 10994 | D:7      | Bought an uncursed ring of magical power for 240 gold pieces
 10994 | D:7      | Bought a cursed -2 ring of evasion for 24 gold pieces
 10994 | D:7      | Bought a cursed -3 ring of strength for 24 gold pieces
 11166 | D:7      | Found an iron altar of Okawaru.
 11259 | D:7      | Found a shimmering altar of Xom.
 11394 | D:7      | Reached skill level 8 in Dodging
 11645 | D:8      | Got a heavily runed ring mail
 11662 | D:8      | Identified the +0 ring mail of Summer {-Cast rF+ rC+ Regen+} (You found it on level 8 of the Dungeon)
 11722 | D:8      | Found a shimmering altar of Xom.
 11850 | D:8      | Reached skill level 1 in Armour
 11871 | D:8      | Noticed an orange crystal statue
 12269 | D:7      | Bought a bread ration for 70 gold pieces
 12269 | D:7      | Bought 3 fruits for 63 gold pieces
 12269 | D:7      | Bought 5 fruits for 105 gold pieces
 12269 | D:7      | Bought a bread ration for 70 gold pieces
 12468 | D:7      | Found a staircase to the Ecumenical Temple.
 12475 | Temple   | Entered the Ecumenical Temple
 12665 | D:8      | Gained mutation: You are slightly more attuned to the shadows. [demonic ancestry]
 12665 | D:8      | Reached XP level 10. HP: 42/80 MP: 10/10
 12793 | D:8      | Found a white marble altar of Elyvilon.
 12968 | D:8      | Found a radiant altar of Vehumet.
 13122 | D:9      | Reached skill level 1 in Stealth
 13209 | D:9      | Found a bloodstained altar of Trog.
 13319 | D:9      | Found a shattered altar of Ashenzari.
 13778 | D:9      | HP: 1/81 [wight/wand of lightning (22)]
 13921 | D:9      | Found Jawasm's Food Boutique.
 13928 | D:9      | Bought a fruit for 15 gold pieces
 13928 | D:9      | Bought a beef jerky for 15 gold pieces
 13928 | D:9      | Bought a royal jelly for 20 gold pieces
 13928 | D:9      | Bought a royal jelly for 20 gold pieces
 14003 | D:9      | Found a basalt altar of Yredelemnul.
 15056 | D:9      | Got a crude glaive
 15062 | D:9      | Identified the cursed +0 glaive "Lanivuub" {speed, Dex+4} (You found it on level 9 of the Dungeon)
 15101 | D:10     | Entered Level 10 of the Dungeon
 15119 | D:10     | Found a staircase to the Lair.
 15197 | D:10     | Noticed a hill giant
 15491 | D:10     | Reached skill level 1 in Maces & Flails
 15578 | D:10     | Found a staircase to the Orcish Mines.
 15766 | D:10     | Reached skill level 1 in Polearms
 15822 | D:10     | Reached skill level 9 in Dodging
 15953 | D:10     | Killed an unseen horror
 15953 | D:10     | Reached skill level 5 in Armour
 15953 | D:10     | Gained mutation: You have a pair of antennae on your head. [demonic ancestry]
 15953 | D:10     | Reached XP level 11. HP: 53/89 MP: 11/11
 16225 | D:10     | Found a deep blue altar of Sif Muna.
 16298 | D:10     | Identified Sif Muna's Volume of Displacement
 16303 | D:10     | Learned a level 1 spell: Apportation
 16381 | Orc:1    | Entered Level 1 of the Orcish Mines
 16680 | Orc:1    | You fall through a shaft!
 17467 | Orc:2    | Found a bloodstained altar of Trog.
 19179 | Orc:3    | Found a staircase to the Elven Halls.
 19192 | Orc:2    | Reached skill level 10 in Fighting
 19410 | Orc:3    | Paralysed by an orc sorcerer for 6 turns
 19629 | Orc:3    | Found a burning altar of Makhleb.
 19704 | Orc:3    | Found Zippeny's Magic Scroll Shop.
 19723 | Orc:3    | Bought a scroll of magic mapping for 45 gold pieces
 19723 | Orc:3    | Bought a scroll of blinking for 97 gold pieces
 19723 | Orc:3    | Bought a scroll of identify for 26 gold pieces
 19723 | Orc:3    | Bought a scroll of immolation for 45 gold pieces
 20021 | Orc:4    | Entered Level 4 of the Orcish Mines
 20075 | Orc:4    | Reached skill level 10 in Dodging
 20076 | Orc:4    | Noticed a hill giant
 20088 | Orc:4    | Found a gateway to a bazaar.
 20234 | Bazaar   | Entered a bazaar
 20242 | Bazaar   | Found Zaetip's Antique Weapon Emporium.
 20255 | Bazaar   | Found Wedwuhu's Antique Weapon Shoppe.
 20272 | Bazaar   | Found Kirghiahi's Antique Armour Shoppe.
 20283 | Bazaar   | Found Hemazif's Antique Armour Emporium.
 20314 | Bazaar   | Bought a jewelled falchion for 184 gold pieces
 20315 | Bazaar   | Identified the +0 falchion of Experimentation {drain, Int+2} (You bought it in a shop in a bazaar)
 20326 | Bazaar   | Bought a runed rapier for 112 gold pieces
 20326 | Bazaar   | Bought a runed dagger for 56 gold pieces
 20326 | Bazaar   | Bought a dazzling quarterstaff for 252 gold pieces
 20338 | Bazaar   | Identified the +7 quarterstaff of Megalomania {venom, *Drain rElec Str+2 SInv} (You bought it in a shop in a bazaar)
 20402 | Orc:4    | Noticed a hill giant
 20514 | Orc:4    | Killed a hill giant
 20649 | Orc:4    | Noticed an ogre mage
 20652 | Orc:4    | Reached XP level 12. HP: 71/99 MP: 8/12
 20902 | Orc:4    | Killed an ogre mage
 20922 | Orc:4    | Noticed an ogre mage
 20949 | Orc:4    | Killed an ogre mage
 20949 | Orc:4    | Reached skill level 11 in Fighting
 21333 | Orc:4    | Noticed a deep troll
 21341 | Orc:4    | Noticed a deep troll
 21798 | Orc:3    | Killed a deep troll
 21966 | Orc:4    | Paralysed by an orc sorcerer for 3 turns
 22387 | Orc:3    | Killed a deep troll
 23023 | Orc:4    | Killed a hill giant
 23023 | Orc:4    | Reached skill level 12 in Fighting
 23030 | Orc:4    | Found Kixteag's Food Shop.
 23082 | Orc:4    | Found Tapnugo's Gadget Shoppe.
 23114 | Orc:4    | Noticed an orc warlord
 23123 | Orc:4    | Killed an orc warlord
 23123 | Orc:4    | Reached skill level 10 in Shields
 23252 | Orc:4    | Found Tennif's Jewellery Emporium.
 23292 | Orc:4    | Found Vefi's Jewellery Shoppe.
 23308 | Orc:4    | Bought a slice of pizza for 21 gold pieces
 23308 | Orc:4    | Bought a slice of pizza for 21 gold pieces
 23308 | Orc:4    | Bought a beef jerky for 21 gold pieces
 23323 | Orc:4    | Bought the amulet of the Exiled Tales {Spirit rF++ MR+ Int+2} for 1093 gold pieces
 23330 | Orc:4    | Bought a cursed amulet of inaccuracy for 34 gold pieces
 23418 | Orc:4    | Bought a wand of disintegration (12) for 224 gold pieces
 23430 | Orc:4    | Bought a cursed ring of loudness for 76 gold pieces
 23787 | Lair:1   | Entered Level 1 of the Lair of Beasts
 23787 | Lair:1   | Noticed Urug
 23914 | D:11     | Gained mutation: You are partially covered in sharp spines. [demonic ancestry]
 23914 | D:11     | Reached XP level 13. HP: 27/109 MP: 4/13
 24054 | D:11     | Found a glowing golden altar of the Shining One.
 24154 | D:11     | Noticed Snorg
 25096 | D:12     | Got an encrusted mace
 25097 | D:12     | Identified the cursed +1 mace "Opog" {flame, rF+ rC+ Int-4} (You found it on level 12 of the Dungeon)
 25664 | D:13     | Upgraded the game from 0.17-a0-1397-g0eee0a3 to 0.17-a0-1446-gc28613e
 25710 | D:13     | Found a frozen archway.
 25733 | IceCv    | Entered an ice cave
 25935 | IceCv    | Reached skill level 13 in Fighting
 26086 | IceCv    | Reached skill level 1 in Axes
 26526 | IceCv    | Noticed a frost giant
 26573 | IceCv    | Killed a frost giant
 27424 | D:13     | Got a polished quarterstaff
 27430 | D:13     | Identified the +8 quarterstaff of Termination {pain, Str+3} (You found it on level 13 of the Dungeon)
 28439 | D:14     | Found a white marble altar of Elyvilon.
 28451 | D:14     | Noticed Louise
 28496 | D:14     | Killed Louise
 28496 | D:14     | Reached skill level 5 in Axes
 28496 | D:14     | Gained mutation: You have a pair of large antennae on your head (SInv). [demonic ancestry]
 28496 | D:14     | Reached XP level 14. HP: 27/118 MP: 3/14
 28653 | D:14     | Noticed afx's ghost (powerful FoFi)
 28694 | D:14     | Killed afx's ghost
 28921 | D:14     | Got a scorched lead ring
 29018 | D:14     | Identified the ring "Zuhuhoeg" {rN++ AC+4} (You took it off an ogre mage on level 14 of the Dungeon)
 29148 | D:14     | Found a gate to the Vaults.
 29590 | D:15     | Entered Level 15 of the Dungeon
 29645 | D:15     | Found Qoorraod's Armour Shop.
 30197 | D:15     | Found a shadowy altar of Dithmenos.
 30285 | D:15     | Found a staircase to the Depths.
 30512 | D:15     | Identified a scroll of acquirement
 30513 | D:15     | Got a pair of fine gloves
 30524 | D:15     | Identified the +3 pair of gloves "Vaumuiryte" {rC+ MR++ Regen+ Dex+4} (You acquired it on level 15 of the Dungeon)
 31774 | Elf:1    | Entered Level 1 of the Elven Halls
 32389 | Elf:1    | Reached skill level 14 in Shields
 32478 | Elf:1    | Gained mutation: You are mostly covered in sharp spines. [demonic ancestry]
 32478 | Elf:1    | Reached XP level 15. HP: 116/124 MP: 12/15
 32810 | Elf:1    | Noticed a deep elf sorcerer
 32820 | Elf:1    | Killed a deep elf sorcerer
 32831 | Elf:1    | Identified Jeubiur's Incunabulum of Aerial Blows and Bruises
 33114 | Elf:1    | Got a polished crystal plate armour
 33126 | Elf:1    | Identified the +4 crystal plate armour "Ypny" {Str+3} (You acquired it on level 1 of the Elven Halls)
 33332 | Elf:2    | Reached skill level 15 in Shields
 33794 | Elf:2    | Found a runed gate.
 33794 | Elf:2    | Found a runed gate.
 33794 | Elf:2    | Found a runed gate.
 34047 | Elf:3    | Entered Level 3 of the Elven Halls
 34115 | Elf:3    | Found Gachyres's Distillery.
 34137 | Elf:3    | Noticed a deep elf master archer
 34137 | Elf:3    | Noticed a deep elf blademaster
 34138 | Elf:3    | Noticed a deep elf blademaster
 34139 | Elf:3    | Noticed a deep elf blademaster
 34163 | Elf:3    | Noticed Nikola
 34284 | Lair:1   | Killed Urug
 34337 | Lair:1   | Upgraded the game from 0.17-a0-1446-gc28613e to 0.17-a0-1447-g3d113ad
 34374 | Lair:1   | Identified a +0 rod of the swarm (10/10) (You found it on level 1 of the Lair of Beasts)
 34838 | Lair:1   | Found a snail-covered altar of Cheibriados.
 34878 | Lair:1   | Reached skill level 16 in Shields
 35295 | Lair:2   | Noticed Fannar
 35322 | Lair:2   | Killed Fannar
 35676 | Lair:2   | Noticed Gastronok
 35713 | Lair:2   | Killed Gastronok
 36081 | Lair:3   | Got a brightly glowing long sword
 36111 | Lair:3   | Identified the cursed +2 long sword of Courage {antimagic, SInv} (You found it on level 3 of the Lair of Beasts)
 36791 | Lair:3   | Found a runed door.
 37164 | Lair:4   | Reached XP level 16. HP: 131/131 MP: 14/16
 37211 | Lair:4   | Reached skill level 17 in Shields
 37267 | Lair:4   | Found a staircase to the Swamp.
 38413 | Lair:5   | Found a hole to the Spider Nest.
 38714 | Lair:5   | Noticed Maud
 38741 | Lair:5   | Killed Maud
 40131 | Lair:7   | Got an iridescent spear
 40132 | Lair:7   | Identified the cursed +1 spear "Herutouz" {freeze, +Inv} (You found it on level 7 of the Lair of Beasts)
 40461 | Lair:7   | Found a staircase to the Slime Pits.
 40779 | Lair:8   | Entered Level 8 of the Lair of Beasts
 41016 | Lair:8   | Reached skill level 18 in Shields
 42481 | D:14     | Reached skill level 19 in Shields
 42604 | D:15     | Gained mutation: You have claws for hands. [demonic ancestry]
 42604 | D:15     | Reached XP level 17. HP: 137/137 MP: 17/17
 42754 | D:11     | Killed Snorg
 42820 | D:10     | Killed a hill giant
 42943 | Swamp:1  | Entered Level 1 of the Swamp
 43013 | Swamp:1  | You fall through a shaft!
 43065 | Swamp:2  | Reached skill level 5 in Unarmed Combat
 43426 | Swamp:2  | Slain by an enormous slime creature

Vault maps used:
D:1:      sevenhm_arrival_forest_fort_small_4
D:3:      lemuel_coloured_pillars_altar, old_standard_altar, first_bread,
          feat_on_display
D:4:      cheibriados_altar_wand_db, nicolae_ossuary_entry_ruins
D:5:      uniq_duvessa
D:6:      kennysheep_mini, nicolae_tso_besieged_by_evil, gup_sewer_entry_bowl,
          hangedman_abyss_or_decor_passed
D:7:      fedhas_altar_3, overflow_temple_1_default, kennysheep_little_box,
          minmay_temple_entry_nine_rooms, serial_shops, kennysheep_mini_moat,
          grunt_ogre_cave, kennysheep_small_spiral,
          minmay_misc_feat_more_columns, hangedman_decor_riveting,
          lemuel_tele_altar
D:8:      minmay_statue_hallways, nicolae_overflow_hidden_temple,
          nicolae_overflow_crystal_walls, basic_altar
D:9:      lemuel_round_altar, ashenzari_altar_1,
          lemuel_zombie_altar_yredelemnul, serial_shops,
          nicolae_shop_temple_entry_statues_fountains, serial_park_tiny_1
D:10:     lair_0_dummy, hiddenorc1_lemuel, nrook_loot_triangle, led_sif_book
D:11:     basic_altar, kennysheep_another_room, kennysheep_generic_room_14,
          uniq_snorg
D:13:     portal_ice_cave_entry_ice_statue_01, minmay_misc_feat_x
D:14:     hangedman_vaults_entry_quadrant_bands, minmay_curled_crystal,
          elyvilon_altar_1, uniq_louise
D:15:     grunt_enter_depths_hoard, grunt_dithmenos_shadows,
          kennysheep_kite_vault
Temple:   circular_temple_6
Lair:1:   kennysheep_snail_temple, uniq_urug
Lair:2:   grunt_megastairs_3, serial_bayou_shore_a, uniq_fannar, uniq_gastronok
Lair:3:   pf_torpor_hydra
Lair:4:   kennysheep_abandoned_house, swamp_mist_pool, grunt_megastairs_2,
          lemuel_fruit_fields
Lair:5:   spider_nest_entry_a, infiniplex_staircase_pool_2, lemuel_fruit_fields,
          uniq_maud
Lair:6:   beast_lair_carwin_11
Lair:7:   slime_dummy, st_stairs_9, grunt_forest_small_clearing_treed
Lair:8:   evilmike_catoblepas_cave, grunt_forest_large_clearings
Swamp:1:  hangedman_swamp_lotus, uniq_frances
Swamp:2:  evilmike_swamp_ruin_house_3
Orc:2:    trog_butcher_becter
Orc:3:    serial_shops, shop, nicolae_orc_pool_cavern, bloody_makhleb
Orc:4:    st_orc_open, special_room, serial_shops, bzr_entry_dummy,
          mines5_lemuel
Elf:1:    minmay_elf_arrival_summoners, minmay_elf_sorcery, minmay_fountain_box
Elf:3:    minmay_elf_hall, serial_shops, nicolae_shop_waterfront, special_room,
          st_stairs_6, columned_hall_lemuel, library_closet,
          statue_in_the_mist_lemuel, corexii_leaking_fountain, uniq_nikola
Bazaar:   bazaar_minmay_armour_weapon
Sewer:    sewer_frog_island_02
Ossuary:  ossuary_tomb_2
IceCv:    ice_cave_caverns_03

Action                   |  1- 3 |  4- 6 |  7- 9 | 10-12 | 13-15 | 16-18 || total
-------------------------+-------+-------+-------+-------+-------+-------++-------
Melee: Short sword       |    75 |       |       |    43 |    12 |       ||   130
       Mace              |    51 |   339 |   870 |   167 |    12 |       ||  1439
       Unarmed           |       |       |     3 |       |       |    84 ||    87
       Hand axe          |       |       |   163 |  1040 |  1599 |   711 ||  3513
       Glaive            |       |       |       |   179 |       |       ||   179
       Flail             |       |       |       |    16 |   131 |       ||   147
       Scimitar          |       |       |       |       |     9 |    19 ||    28
       Whip              |       |       |       |       |       |    25 ||    25
 Fire: Blowgun           |       |       |    13 |   126 |    53 |     3 ||   195
       Hand crossbow     |       |       |       |     1 |    29 |       ||    30
Throw: Tomahawk          |       |       |       |    12 |     9 |       ||    21
       Throwing net      |       |       |       |       |     1 |       ||     1
Invok: Potion Petition   |       |     1 |     1 |     2 |     3 |       ||     7
       Call Merchant     |       |       |     1 |       |     3 |       ||     4
Evoke: Wand              |       |       |     3 |    16 |    32 |       ||    51
       Box of beasts     |       |       |       |       |     8 |       ||     8
       Rod               |       |       |       |       |     3 |     2 ||     5
       Lamp of fire      |       |       |       |       |       |     1 ||     1
  Use: Scroll            |     4 |     6 |     6 |    18 |    27 |     8 ||    69
       Potion            |       |       |     2 |     8 |     2 |     1 ||    13
 Stab: Sleeping          |     1 |       |     3 |    13 |    26 |     9 ||    52
       Distracted        |       |     2 |       |    20 |    18 |    10 ||    50
       Invisible         |       |       |       |       |     3 |       ||     3
       Petrified         |       |       |       |       |     3 |     1 ||     4
       Petrifying        |       |       |       |       |     1 |     1 ||     2
       Held in net/web   |       |       |       |       |     1 |       ||     1
  Eat: Chunk             |     3 |       |       |       |       |       ||     3
       Bread ration      |     1 |     1 |     1 |     5 |     8 |       ||    16
       Beef jerky        |       |     1 |     7 |     2 |     5 |     3 ||    18
       Pizza             |       |       |     2 |     5 |     1 |     4 ||    12
       Meat ration       |       |       |     2 |       |       |       ||     2
       Royal jelly       |       |       |     2 |     2 |       |       ||     4
       Fruit             |       |       |       |    13 |     4 |    15 ||    32
